 Dungeon Crawl Stone Soup version 0.18.1-8-gdd0e5ea (webtiles) character file.

6236 manyhoops the Bludgeoner (level 10, 0/171 (172) HPs)
             Began as an Ogre Berserker on May 30, 2016.
             Was a High Priest of Trog.
             Slain by a killer bee (4 damage)
             ... on level 10 of the Dungeon.
             The game lasted 00:18:49 (8886 turns).

manyhoops the Bludgeoner (Ogre Berserker)           Turns: 8886, Time: 00:18:50

HP:   0/171 (172)   AC:  5    Str: 32    XL:     10   Next: 93%
MP:   10/10         EV: 15    Int:  6    God:    Trog [*****.]
Gold: 408           SH:  0    Dex: 11    Spells: 0 memorised, 9 levels left

rFire  . . .     SeeInvis .     h - +0 morningstar
rCold  . . .     Gourm    .     H - +2 robe {rN+}
rNeg   + + .     Faith    .     (no shield)
rPois  .         Spirit   .     (helmet restricted)
rElec  .         Dismiss  .     n - +0 cloak
rCorr  .         Reflect  .     (gloves unavailable)
SustAt .         Harm     .     (boots unavailable)
MR     +....     Clarity  +     (no amulet)
Stlth  ..........               F - ring of positive energy
                                i - +5 ring of evasion

@: berserking, lethally poisoned (0 -> -13), very quick, somewhat resistant to
hostile enchantments, extremely unstealthy
A: unfitting armour, antennae 1, agile 1, berserk 1, blurry vision 1, clarity,
deformed body, tough skin 1
a: Berserk, Trog's Hand, Brothers in Arms, Burn Spellbooks, Renounce Religion


You were on level 10 of the Dungeon.
You worshipped Trog.
Trog was extremely pleased with you.
You were not hungry.

You visited 1 branch of the dungeon, and saw 10 of its levels.

You collected 561 gold pieces.
You spent 153 gold pieces at shops.

Inventory:

Hand Weapons
 h - a +0 morningstar (weapon)
 y - a +0 giant spiked club
 I - the +8 broad axe of Corch {flame, rF+ MR+ Int+2}
   (Trog gifted it to you on level 8 of the Dungeon)

   It has been specially enchanted to burn those struck by it, causing extra
   injury to most foes and up to half again as much damage against particularly
   susceptible opponents.
   Big, fiery blades are also staple armaments of hydra-hunters.
   It affects your intelligence (+2).
   It protects you from fire.
   It affects your resistance to hostile enchantments.
Missiles
 l - 7 tomahawks (quivered)
Armour
 n - a +0 cloak (worn)
 r - a +2 shield of reflection
 z - a +1 animal skin
 H - a +2 robe of positive energy (worn)
 L - the +1 robe of the Valley of Death {rF+}
   (You bought it in a shop on level 9 of the Dungeon)

   It protects you from fire.
 Q - a +0 robe of positive energy
Jewellery
 i - a +5 ring of evasion (left hand)
 j - an uncursed ring of magical power
 F - a ring of positive energy (right hand)
Wands
 u - a wand of acid (9/15)
 M - a wand of paralysis (13/24)
 N - a wand of random effects (5/48)
 P - a wand of iceblast (8/15)
Scrolls
 a - 3 scrolls of teleportation
 b - a scroll of identify
 e - 2 scrolls of magic mapping
 m - a scroll of enchant weapon {unknown}
 o - a scroll of blinking {unknown}
 q - 2 scrolls of random uselessness {unknown}
 v - a scroll of amnesia {unknown}
 w - 3 scrolls of fog
 B - 2 scrolls of remove curse
 D - a scroll of immolation {unknown}
 G - a scroll of noise
 O - a scroll of recharging
Potions
 g - a potion of might
 k - a potion of agility
 p - a potion of berserk rage
 s - a potion of heal wounds
 x - a potion of curing
 A - 2 potions of cancellation
 C - a potion of resistance
 E - a potion of lignification
 J - a potion of haste
 K - 2 potions of flight
 R - a potion of magic
Miscellaneous
 S - a plain deck of defence
Comestibles
 c - 5 bread rations
 d - a slice of pizza
 f - 4 meat rations
 t - 3 beef jerkies


   Skills:
 + Level 11.9 Fighting
 * Level 16.5 Maces & Flails
 + Level 1.2 Throwing
 - Level 2.6 Dodging
 - Level 1.0 Stealth


You had 9 spell levels left.
You didn't know any spells.

Dungeon Overview and Level Annotations

Branches:
Dungeon (10/15)            Temple (0/1) D:4
   Lair: D:8-11         Orc: D:9-12

Altars:
Gozag
Kikubaaqudgha
Makhleb
Pakellas
Qazlal
Ru
Sif Muna
Vehumet
Xom
Yredelemnul
Zin

Shops:
D:9 [


Innate Abilities, Weirdness & Mutations

You are too large for most types of armour.
You have tough skin (AC +1).
You have a pair of small antennae on your head.
You are agile. (Dex +2)
You tend to lose your temper in combat.
Scrolls take you a little longer to read.
You possess an exceptional clarity of mind.
Armour fits poorly on your strangely shaped body.


Message History

The killer bee closely misses you. The killer bee stings you.
* * * LOW HITPOINT WARNING * * *
You puncture the killer bee!
The killer bee is almost dead.
You feel sick. The killer bee closely misses you.
You impale the killer bee!!
You kill the killer bee!
Trog accepts your kill.
You feel sick.
You miss the killer bee.
You feel sick. The killer bee stings you.
* * * LOW HITPOINT WARNING * * *
You miss the killer bee.
* * * LOW HITPOINT WARNING * * *
You feel sick. The killer bee stings you!
* * * LOW HITPOINT WARNING * * *
You are too berserk!
You closely miss the killer bee.
* * * LOW HITPOINT WARNING * * *
You feel sick. The killer bee stings you.
You die...

....######..........
........##..........
#.....##..........
#...............
#...##..[.>.....
##(.##..........
#y#####.###### #.#
#..##### #y# ##(y@..#
#####+## .$.
#######'### #.......
y§. ..........#
#....... ...##
..........#####.......
....
..........'...#>......
....#
..........###.'.......
..........# ###.......
####+###### #.<(....
#####+##


You could see a killer bee.

Vanquished Creatures
  An unseen horror (D:9)
  A hill giant (D:9)
  A troll (D:9)
  A shadow (D:9)
  2 wraiths (D:9)
  A mottled dragon (D:9)
  A water moccasin (D:5)
  3 orc warriors
  3 sky beasts
  3 ice beasts
  4 ogres
  A phantom (D:4)
  3 centaurs
  2 necrophages
  An elf zombie (D:9)
  2 big kobolds
  A giant frog (D:7)
  A water moccasin skeleton (D:7)
  2 scorpions
  3 killer bees (D:10)
  A howler monkey (D:6)
  5 wights (D:6)
  2 centaur zombies
  4 crimson imps
  A human zombie (D:9)
  A quasit (D:9)
  3 giant frog zombies
  2 giant frog skeletons
  A gnoll shaman (D:7)
  10 orc priests
  5 hounds
  10 orc wizards
  2 centaur skeletons
  3 human skeletons (D:9)
  Natasha (twice) (D:3)
  3 iguanas
  5 worker ants
  An ogre zombie (D:9)
  A hound skeleton (D:8)
  3 mummies (D:9)
  A howler monkey zombie (D:9)
  Robin (D:4)
  7 gnolls (D:8)
  10 adders
  A shadow imp (D:9)
  2 oozes (D:2)
  An adder zombie (D:6)
  3 worms
  2 dart slugs
  5 giant geckos
  30 orcs
  A bat zombie (D:8)
  5 giant cockroaches
  7 hobgoblins
  8 jackals
  3 quokkas
  2 ball pythons
  14 bats
  5 giant newts
  12 goblins
  A jackal skeleton (D:5)
  9 kobolds
  6 rats
  3 rat zombies (D:8)
241 creatures vanquished.

Notes
Turn   | Place    | Note
--------------------------------------------------------------
     0 | D:1      | manyhoops the Ogre Berserker began the quest for the Orb.
     0 | D:1      | Reached XP level 1. HP: 24/24 MP: 1/1
   127 | D:1      | Reached XP level 2. HP: 29/32 MP: 2/2
   561 | D:2      | Reached skill level 5 in Maces & Flails
   561 | D:2      | Reached XP level 3. HP: 33/40 MP: 3/3
   581 | D:2      | Reached ** piety under Trog
   656 | D:2      | Reached skill level 5 in Fighting
   720 | D:2      | Found an oddly glowing altar of Pakellas.
   833 | D:2      | Reached XP level 4. HP: 25/50 MP: 4/4
  1224 | D:2      | Found a glowing silver altar of Zin.
  1507 | D:3      | Reached skill level 6 in Maces & Flails
  1549 | D:3      | Reached XP level 5. HP: 55/57 MP: 5/5
  1660 | D:3      | Noticed Natasha
  1668 | D:3      | Killed Natasha
  1668 | D:3      | Reached *** piety under Trog
  1742 | D:3      | Noticed Natasha
  1753 | D:3      | Killed Natasha
  1794 | D:4      | Reached skill level 7 in Maces & Flails
  1794 | D:4      | Reached XP level 6. HP: 23/67 MP: 6/6
  2164 | D:4      | Noticed an ice beast
  2209 | D:4      | Killed an ice beast
  2209 | D:4      | Reached skill level 1 in Stealth
  2431 | D:4      | Noticed a phantom
  2465 | D:4      | Killed a phantom
  2465 | D:4      | Reached skill level 8 in Maces & Flails
  2465 | D:4      | Reached XP level 7. HP: 28/76 MP: 7/7
  3007 | D:4      | Found a staircase to the Ecumenical Temple.
  3122 | D:4      | Found a shimmering altar of Xom.
  3126 | D:4      | Found a stormy altar of Qazlal.
  3169 | D:4      | Found a burning altar of Makhleb.
  3188 | D:4      | Reached skill level 9 in Maces & Flails
  3226 | D:4      | Noticed Robin
  3255 | D:4      | Reached **** piety under Trog
  3268 | D:4      | Killed Robin
  3312 | D:4      | Reached skill level 1 in Throwing
  3312 | D:4      | Reached XP level 8. HP: 33/88 MP: 8/8
  3779 | D:5      | Entered Level 5 of the Dungeon
  3786 | D:5      | Reached skill level 10 in Maces & Flails
  4320 | D:5      | Reached skill level 11 in Maces & Flails
  4890 | D:6      | Found a sacrificial altar of Ru.
  4935 | D:6      | Reached ***** piety under Trog
  4940 | D:6      | Reached XP level 9. HP: 61/100 MP: 9/9
  4980 | D:6      | Reached skill level 12 in Maces & Flails
  6063 | D:6      | Received a gift from Trog
  6098 | D:6      | Reached skill level 10 in Fighting
  6098 | D:6      | Reached skill level 13 in Maces & Flails
  6155 | D:7      | Found a radiant altar of Vehumet.
  6234 | D:7      | Found a stormy altar of Qazlal.
  6437 | D:7      | Gained mutation: You have a pair of small antennae on your head. [mutagenic meat]
  6438 | D:7      | Gained mutation: Scrolls take you a little longer to read. [mutagenic meat]
  6439 | D:7      | Gained mutation: Scrolls take you longer to read. [mutagenic meat]
  6440 | D:7      | Gained mutation: You possess an exceptional clarity of mind. [mutagenic meat]
  6441 | D:7      | Gained mutation: You tend to lose your temper in combat. [mutagenic meat]
  7183 | D:8      | Received a gift from Trog
  7195 | D:8      | Got a dazzling broad axe {god gift}
  7196 | D:8      | Identified the +8 broad axe of Corch {flame, rF+ MR+ Int+2} (Trog gifted it to you on level 8 of the Dungeon)
  7272 | D:8      | Reached skill level 14 in Maces & Flails
  7502 | D:8      | Reached XP level 10. HP: 88/111 MP: 10/10
  7586 | D:8      | Found an ancient bone altar of Kikubaaqudgha.
  7644 | D:9      | Found a deep blue altar of Sif Muna.
  7684 | D:9      | Found Idycasm's Antique Armour Shop.
  7715 | D:9      | Bought a tattered robe for 153 gold pieces
  7725 | D:9      | Identified the +1 robe of the Valley of Death {rF+} (You bought it in a shop on level 9 of the Dungeon)
  7826 | D:9      | Noticed a hill giant
  7832 | D:9      | Killed a hill giant
  7832 | D:9      | Reached skill level 15 in Maces & Flails
  8176 | D:9      | Killed an unseen horror
  8208 | D:9      | Reached skill level 16 in Maces & Flails
  8229 | D:9      | Lost mutation: Scrolls take you longer to read. [mutagenic meat]
  8230 | D:9      | Gained mutation: You are agile. (Dex +2) [mutagenic meat]
  8231 | D:9      | Gained mutation: Armour fits poorly on your strangely shaped body. [mutagenic meat]
  8500 | D:9      | Found an opulent altar of Gozag.
  8601 | D:9      | Found a basalt altar of Yredelemnul.
  8734 | D:10     | Entered Level 10 of the Dungeon
  8885 | D:10     | HP: 4/171 [killer bee (7)]
  8886 | D:10     | Slain by a killer bee

Skill      XL: |  1  2  3  4  5  6  7  8  9 10 |
---------------+-------------------------------+-----
Maces & Flails | 5 6 7 8 9 11 14 16 | 16.5
Fighting       | 5 6 7 9 10 11 | 11.9
Stealth        | 1 |  1.0
Throwing       | 1 |  1.2
Dodging        | |  2.6

Action                   |  1- 3 |  4- 6 |  7- 9 | 10-12 || total
-------------------------+-------+-------+-------+-------++-------
Melee: Mace              |   117 |   168 |   352 |       ||   637
       Morningstar       |       |       |   173 |   179 ||   352
Throw: Tomahawk          |       |       |     4 |    11 ||    15
Invok: Berserk           |     1 |     1 |     7 |     5 ||    14
       Trog's Hand       |     1 |       |       |       ||     1
       Burn Spellbooks   |       |     1 |     2 |       ||     3
  Use: Scroll            |     5 |     1 |     9 |     4 ||    19
       Potion            |       |       |     1 |     1 ||     2
 Stab: Sleeping          |       |       |       |     1 ||     1
  Eat: Chunk             |     1 |     2 |    19 |     5 ||    27
       Meat ration       |       |     1 |     2 |     2 ||     5
       Beef jerky        |       |       |       |     1 ||     1
Armor: Animal skin       |    35 |    35 |    51 |       ||   121
       Robe              |       |       |     7 |    22 ||    29
Dodge: Dodged            |   118 |   133 |   361 |   110 ||   722
